 Dungeon Crawl Stone Soup version 0.27-a0-1090-gb115f176c6 (webtiles) character file.

Game seed: 12231133656750594061

963 scammafunk the Shield-Bearer (level 8, -18/96 HPs)
             Began as a Formicid Fighter on Apr 27, 2021.
             Was an Elder of Jiyva.
             Engulfed by a cloud of flame (19 damage)
             ... on level 7 of the Dungeon.
             The game lasted 00:16:07 (5361 turns).

scammafunk the Shield-Bearer (Formicid Fighter)     Turns: 5361, Time: 00:16:08

Health: -18/96     AC: 24    Str: 22    XL:     8   Next: 37%
Magic:  8/8        EV:  2    Int: 10    God:    Jiyva [****..]
Gold:   203        SH: 11    Dex:  9    Spells: 7/7 levels left

rFire    . . .     SeeInvis .   a - +1 trident
rCold    . . .     Faith    .   c - +1 kite shield
rNeg     + + +     Spirit   .   (armour currently unavailable)
rPois    +         Reflect  .   (helmet unavailable)
rElec    .         Harm     .   (cloak currently unavailable)
rCorr    +         Rampage  .   (gloves currently unavailable)
Will     .....                  (boots currently unavailable)
Stlth    +.........             (no amulet)
HPRegen  0.26/turn              (no ring)
MPRegen  0.11/turn              (no ring)

@: brilliant, tree-form
A: stationary, stasis, torment immunity, boosted hp, permanent stasis, dig
shafts and tunnels, (antennae 3), four strong arms, (fire resistance 1),
MP-powered wands
a: Renounce Religion, Request Jelly, Slimify


You were on level 7 of the Dungeon.
You worshipped Jiyva.
Jiyva was greatly pleased with you.
You were a tree.
You visited 2 branches of the dungeon, and saw 8 of its levels.

You collected 203 gold pieces.

Inventory:

Hand Weapons
 a - a +1 trident (weapon)
Missiles
 h - 3 curare-tipped darts (quivered)
Armour
 b - a +0 scale mail (melded)
 c - a +1 kite shield (worn)
Jewellery
 j - a ring of resist corrosion
 l - a ring of magical power
 o - an amulet of the acrobat
Wands
 q - a wand of flame (14)
Scrolls
 k - a scroll of enchant armour
 n - a scroll of torment


   Skills:
 + Level 5.9 Fighting
 + Level 4.9 Polearms
 + Level 6.0 Armour
 + Level 6.5 Shields


You had 7 spell levels left.
You didn't know any spells.
Your spell library contained the following spells:

 Spells                   Type           Power      Damage    Failure   Level
 Corpse Rot               Necr/Air       N/A        N/A       67%         2
 Confusing Touch          Hex            0%         N/A       88%         3
 Gell's Gravitas          Tloc           0%         N/A       88%         3
 Ozocubu's Armour         Ice            0%         N/A       88%         3
 Petrify                  Tmut/Erth      0%         N/A       99%         4
 Metabolic Englaciation   Hex/Ice        0%         N/A       100%        5
 Yara's Violent Unravell  Hex/Tmut       0%         3d3       100%        5
 Simulacrum               Ice/Necr       0%         N/A       100%        6
 Tornado                  Air            0%         N/A       100%        9


Dungeon Overview and Level Annotations

Branches:
Dungeon (7/15)             Temple (1/1) D:4

Altars:
Ashenzari
Cheibriados
Dithmenos
Elyvilon
Gozag
Hepliaklqana
Kikubaaqudgha
Makhleb
Nemelex Xobeh
Okawaru
Qazlal
Ru
Sif Muna
Trog
Uskayaw
Vehumet
Wu Jian
Xom
Yredelemnul
Zin
The Shining One
Jiyva

Shops:
D:4 *   D:5 *


Innate Abilities, Weirdness & Mutations

You are a tree.
Your roots penetrate the ground, keeping you stationary.
You cannot be teleported.
You are immune to unholy pain and torment.
Your maximum health is greatly increased.
Your equipment is partially melded.
You cannot be hasted, slowed, berserked, paralysed or teleported.
You can dig through walls and to a lower floor.
((You have a pair of large antennae on your head. (SInv)))
Your four strong arms can wield two-handed weapons with a shield.
((Your flesh is heat resistant. (rF+)))
You expend magic power (3 MP) to strengthen your wands.


Message History

The fiery explosion engulfs the wyvern zombie!!
The wyvern zombie explodes!
The shadow explodes!
You hear an angry hiss. x2
Your Armour skill increases to level 6!
You have reached level 8!
You feel clever.
You're standing in a cloud of flame!
You're standing in a cloud of flame!
You're standing in a cloud of flame!
You cannot move.
You cannot move.
You're standing in a cloud of flame!
You're standing in a cloud of flame!
You're standing in a cloud of flame!
You're standing in a cloud of flame!
You're standing in a cloud of flame!
You're standing in a cloud of flame!
You're standing in a cloud of flame!
You're standing in a cloud of flame!
You're standing in a cloud of flame!
You're standing in a cloud of flame!
You're standing in a cloud of flame!
You're standing in a cloud of flame!
You're standing in a cloud of flame!
You're standing in a cloud of flame!
You're standing in a cloud of flame!
You're standing in a cloud of flame!
You're standing in a cloud of flame!
You are engulfed in blazing flames.
You hear a distant slurping noise.
You are engulfed in blazing flames.
* * * LOW HITPOINT WARNING * * *
You hear a distant slurping noise.
You hear a squelching noise.
You are engulfed in blazing flames.
* * * LOW HITPOINT WARNING * * *
You are engulfed in blazing flames.
* * * LOW HITPOINT WARNING * * *
You hear a distant slurping noise.
You hear a squelching noise.
You are engulfed in blazing flames.
You die...

{ . ..##########
#.......§§§######
#.......§§'♣...+
..#.....§.☼#§...#
.........☼<#....#
...........#....#
S..........######
.#####.......
#.........
#..........
#..........


There were no monsters in sight!

Vanquished Creatures
  A shadow (D:7)
  Eustachio (D:6)
  A water moccasin (D:6)
  An ogre (D:4)
  A bullfrog (D:7)
  A wyvern zombie (D:7)
  2 scorpions
  A wyvern skeleton (D:6)
  A howler monkey (D:2)
  A gnoll shaman (D:5)
  An iguana (D:4)
  An orc wizard (D:4)
  2 gnolls (D:5)
  2 adders (D:3)
  An adder skeleton (D:4)
  4 worms
  3 orcs
  2 endoplasms
  A giant cockroach (D:2)
  5 goblins
  6 hobgoblins
  3 jackals (D:3)
  5 kobolds
  A quokka (D:1)
  4 ball pythons
  6 bats
  2 frilled lizards (D:3)
  3 rats
63 creatures vanquished.

Vanquished Creatures (others)
  A centaur (D:5)
  6 jellies
  A centaur zombie (D:7)
  A hound (D:5)
  A centaur skeleton (D:5)
  An orc wizard (D:5)
  5 adders (D:3)
  9 gnolls
  A dart slug (D:5)
  10 orcs
  3 bats (D:3)
  4 endoplasms
  2 giant cockroaches
  3 goblins
  A hobgoblin (D:4)
  7 jackals
  A ball python (D:3)
  A frilled lizard (D:3)
58 creatures vanquished.

Grand Total: 121 creatures vanquished

Notes
Turn   | Place    | Note
-------+----------+-------------------------------------------
     0 | D:1      | scammafunk the Formicid Fighter began the quest for the
                  | Orb.
     0 | D:1      | Reached XP level 1. HP: 18/18 MP: 1/1
   208 | D:1      | Identified the Tome of the Aerial Glacier
   324 | D:1      | Reached XP level 2. HP: 24/24 MP: 2/2
   638 | D:2      | Reached XP level 3. HP: 29/29 MP: 3/3
   972 | D:2      | Reached XP level 4. HP: 17/37 MP: 4/4
  1385 | D:3      | Found a faded altar of an unknown god.
  1630 | D:3      | Became a worshipper of Jiyva Jeerigeu the Shapeless
  1630 | D:3      | Reached * piety under Jiyva
  2150 | D:3      | Reached XP level 5. HP: 36/42 MP: 5/5
  2554 | D:4      | Reached ** piety under Jiyva
  2563 | D:4      | Noticed an ogre
  2593 | D:4      | Killed an ogre
  2594 | D:4      | Reached skill level 5 in Shields
  2594 | D:4      | Reached XP level 6. HP: 14/49 MP: 6/6
  2952 | D:4      | Found Olumuofe's Elemental Accessories.
  2993 | D:4      | Reached *** piety under Jiyva
  3016 | D:4      | Found a staircase to the Ecumenical Temple.
  3023 | Temple   | Entered the Ecumenical Temple
  3284 | D:4      | You fall into a shaft and drop 2 floors!
  3306 | D:5      | Entered Level 5 of the Dungeon
  3616 | D:5      | Gained mutation: Your flesh is heat resistant. (rF+)
                  | [Jiyva's grace]
  3836 | D:5      | Found Onaes's Serpentskin Sales.
  4036 | D:5      | Found a shimmering altar of Xom.
  4036 | D:5      | Found a bloodstained altar of Trog.
  4036 | D:5      | Found a broken altar of Ashenzari.
  4036 | D:5      | Found a shadowy altar of Dithmenos.
  4042 | D:5      | Found a sparkling altar of Nemelex Xobeh.
  4042 | D:5      | Found an ancient bone altar of Kikubaaqudgha.
  4441 | D:6      | Noticed Eustachio
  4451 | D:6      | Killed Eustachio
  4452 | D:6      | Reached skill level 5 in Fighting
  4452 | D:6      | Reached skill level 5 in Armour
  4452 | D:6      | Reached XP level 7. HP: 56/56 MP: 5/7
  4454 | D:6      | Reached **** piety under Jiyva
  4762 | D:6      | Found a runed translucent door.
  4763 | D:6      | Noticed Crazy Yiuf
  4769 | D:6      | Slimified Crazy Yiuf
  4769 | D:6      | Noticed Crazy Yiuf
  4769 | D:6      | Crazy Yiuf changed into Crazy Yiuf the endoplasm
  4773 | D:6      | Gained mutation: You expend magic power (3 MP) to
                  | strengthen your wands. [Jiyva's grace]
  5041 | D:6      | Noticed a water moccasin
  5063 | D:6      | Killed a water moccasin
  5335 | D:7      | Noticed a shadow
  5338 | D:7      | Noticed a water moccasin
  5356 | D:7      | Killed a shadow
  5357 | D:7      | Reached XP level 8. HP: 49/64 MP: 8/8
  5360 | D:7      | HP: 1/96 [cloud of flame (14)]
  5361 | D:7      | Engulfed by a cloud of flame

Illustrated notes

Levels and vault maps discovered:
D:1:      dpeg_arrival_tiny_j, layout_loops_ring
D:2:      layout_rooms
D:3:      minmay_bubble_buster, layout_basic, serial_curves, eino_curves_03,
          eino_curves_04, basic_ecumenical_altar, serial_park_tiny_2
D:4:      layout_loops_ring, minmay_temple_entry_steel_oval,
          nicolae_elemental_shop, solitary_fountain
D:5:      layout_loops_ring, minmay_overflow_temple_hex, minivault_24,
          guppyfry_shop_venom
D:6:      layout_gridville, minmay_stone_trees_small, uniq_eustachio,
          uniq_crazy_yiuf_cottage
D:7:      layout_gridville, minmay_manual_moon
Temple:   regret_index_temple_generic_petals

Skill      XL: |  1  2  3  4  5  6  7 |
---------------+----------------------+-----
Shields        | 4 5 6 |  6.5
Armour         | 4 5 6 |  6.0
Fighting       | 4 5 |  5.9
Polearms       | 3 4 |  4.9

Action                   |  1- 3 |  4- 6 |  7- 9 || total
-------------------------+-------+-------+-------++-------
Melee: Trident           |    84 |   134 |    49 ||   267
Throw: Dart              |       |     2 |       ||     2
Invok: Request Jelly     |       |     6 |     2 ||     8
       Slimify           |       |       |     1 ||     1
 Abil: Dig               |     4 |     7 |       ||    11
  Use: Scroll            |     4 |     2 |     1 ||     7
       Potion            |     1 |       |     7 ||     8
Armor: Scale mail        |    35 |    36 |    10 ||    81
       Skin              |       |       |    17 ||    17
Dodge: Dodged            |    27 |    37 |    12 ||    76
Block: Kite shield       |    45 |    69 |    31 ||   145

Table legend: (Time is in decaauts)
 A = Elapsed time spent in this place.
 B = Non-inter-level travel time spent in this place.
 C = Inter-level travel time spent in this place.
 D = Time resting spent in this place.
 E = Time spent auto-exploring this place.
 F = Levels seen in this place.
 G = Mean time per level.
                   A        B        C        D        E       F      G
               +--------+--------+--------+--------+--------+-----+--------+
         Total |   5440 |   5282 |    158 |    992 |   3287 |   8 |  680.0 |
       Dungeon |   5209 |   5074 |    135 |    992 |   3091 |   7 |  744.1 |
        Temple |    230 |    207 |     23 |      0 |    196 |   1 |  230.0 |
               +--------+--------+--------+--------+--------+-----+--------+

Top non-repeatable levels by time:
     D:3: 1181 daAuts
     D:6: 1058 daAuts
     D:5: 1000 daAuts
     D:2: 784 daAuts
     D:1: 633 daAuts
     D:4: 518 daAuts
  Temple: 230 daAuts
     D:7: 32 daAuts
